 Dungeon Crawl Stone Soup version 0.32-a0-996-gb3226c233f (webtiles) character file.

Game seed: 6222956879586724137

146056 Bediveer the Severer (level 17, 0/142 (145) HPs)
             Began as a Coglin Berserker on Apr 24, 2024.
             Was the Champion of Trog.
             Succumbed to poison (poison gas)
             ... on level 2 of the Swamp.
             The game lasted 00:45:22 (32851 turns).

Bediveer the Severer (Coglin Berserker)            Turns: 32851, Time: 00:45:23

HP:   0/142 (145)   AC: 34    Str: 25    XL:     17   Next: 43%
MP:   17/17         EV:  9    Int:  7    God:    Trog [******]
Gold: 432           SH:  0    Dex: 20    Spells: 16/16 levels left

rFire   . . .        U - +5 broad axe {Ming}
rCold   + . .        K - +0 broad axe {Minjee}
rNeg    . . .        X - +1 crystal plate armour
rPois   .            I - +0 helmet of Syndicalism {Rampage Fly Dex+3 Stlth+}
rElec   +            k - +1 cloak
rCorr   .            D - +2 pair of gloves {Dex+3}
SInv    .            y - +0 pair of boots
Will    +....        (amulet unavailable) Stlth
                     (ring unavailable)
HPRegen 0.43/turn    (ring unavailable)
MPRegen 0.15/turn    s
                       - NW-40 hydroturbine {rElec rC+ Clar RMsl}

%: repel missiles, clarity, rampage
@: lethally poisoned (0 -> -30), on berserk cooldown, flying, slowed, lightly
drained, very slow
A: off-hand wielding, slow wielding, warmup strikes, no jewellery
a: Renounce Religion, Berserk, Trog's Hand, Brothers in Arms


You were on level 2 of the Swamp.
You worshipped Trog.
Trog was exalted by your worship.
You visited 4 branches of the dungeon, and saw 25 of its levels.
You also visited: Sewer and Bailey.

You collected 3386 gold pieces.
You spent 2954 gold pieces at shops.

Inventory:

Hand Weapons
 F - a -1 demon whip of venom {Paloma}
 K - a +0 broad axe (offhand) {Minjee}
 U - a +5 broad axe (weapon) {Ming}
 V - a +3 demon trident of electrocution
Missiles
 g - 4 curare-tipped darts
 p - 11 javelins
 x - 17 poisoned darts
Armour
 k - a +1 cloak (worn)
 y - a +0 pair of boots (worn)
 D - a +2 pair of gloves of dexterity (worn)
 I - the +0 helmet of Syndicalism (worn) {Rampage Fly Dex+3 Stlth+}
   (You bought it in a shop on level 2 of the Orcish Mines)

   Dex+3:     It affects your dexterity (+3).
   Fly:       It grants you flight.
   Rampage:   It bestows one free step when moving towards enemies.
   Stlth+:    It makes you more stealthy.
 X - a +1 crystal plate armour (worn)
Gizmo
 s - a NW-40 hydroturbine (installed) {rElec rC+ Clar RMsl}
   (You invented it yourself on level 12 of the Dungeon)

   [NW-40 hydroturbine]

   rC+:       It protects you from cold.
   rElec:     It insulates you from electricity.
   Clar:      It protects you from confusion, rage, mesmerisation and fear.
   RMsl:      It protects you from missiles.
Wands
 j - a wand of digging (20)
 v - a wand of acid (15)
 w - a wand of warping (20) (quivered)
 z - a wand of flame (73)
 B - a wand of mindburst (28)
 E - a wand of paralysis (40)
 J - a wand of polymorph (26)
Scrolls
 e - a scroll of vulnerability
 h - 7 scrolls of identify
 q - 3 scrolls of revelation
 r - 10 scrolls of teleportation
 u - a scroll of summoning
 C - 5 scrolls of fear
 L - 2 scrolls of fog
 N - a scroll of blinking
 P - a scroll of immolation
 S - a scroll of torment
Potions
 a - 4 potions of curing
 d - 4 potions of enlightenment
 f - a potion of invisibility
 i - 5 potions of might
 l - 4 potions of brilliance
 m - 6 potions of resistance
 n - 2 potions of lignification
 o - 5 potions of heal wounds
 A - 4 potions of cancellation
 G - 2 potions of attraction
 H - a potion of berserk rage
 M - 2 potions of haste
 O - 5 potions of mutation
 W - 2 potions of ambrosia
Miscellaneous
 b - a phantom mirror
 c - a Gell's gravitambourine (2/2)
 R - a condenser vane
 T - a box of beasts (inert)


   Skills:
 + Level 16.5 Fighting
 - Level 18.0 Axes
 - Level 5.0 Throwing
 + Level 15.1 Armour
 - Level 8.0 Dodging
 - Level 5.0 Evocations


You had 16 spell levels left.
You didn't know any spells.
Your spell library was empty.

Dungeon Overview and Level Annotations

Branches:
Dungeon (15/15)            Temple (0/1) D:5            Lair (5/5) D:9
  Swamp (3/4) Lair:3       Spider (0/4) Lair:3        Slime (0/5) Lair:5
    Orc (2/2) D:11            Elf (0/3) Orc:2        Vaults (0/5) D:13
 Depths (0/4) D:15          Sewer (visited)          Bailey (visited)

Altars:
Dithmenos
Fedhas
Kikubaaqudgha
Makhleb
Nemelex Xobeh
Trog
Uskayaw
Wu Jian
Yredelemnul
The Shining One
Beogh

Shops:
D:12 [   Orc:1 *   Orc:2 ![[[

Portals:
Trove: D:13 (give 14 scrolls of teleportation)

Annotations:
D:4 1 runed translucent door
Lair:1 exclusion: 2 oklob plants


Innate Abilities, Weirdness & Mutations

You can wield a second weapon in your off-hand.
It takes a long time for you to wield or remove held weapons.
Your first few attacks do less damage.
You cannot equip rings or amulets.


Message History

Trog accepts your kill.
You are engulfed in poison gas.
You are more poisoned.
You feel extremely sick.
You are too berserk!
You are engulfed in poison gas.
You are more poisoned.
* * * LOW HITPOINT WARNING * * *
You feel extremely sick.
You feel a strong urge to attack something.
You are no longer berserk.
You are exhausted.
You feel yourself slow down.
* * * LOW HITPOINT WARNING * * *
You feel extremely sick.
You feel much better.
* * * LOW HITPOINT WARNING * * *
You feel extremely sick. The ghost crab bites you!
* * * LOW HITPOINT WARNING * * *
You feel drained. The ghost crab claws you.
* * * LOW HITPOINT WARNING * * *
You feel much better.
* * * LOW HITPOINT WARNING * * *
You feel extremely sick.
The ghost crab bites you but does no damage.
The ghost crab completely misses you. The swamp worm barely misses you.
The ghost crab barely misses you.
The ghost crab claws you but does no damage.
You feel much better.
* * * LOW HITPOINT WARNING * * *
You feel extremely sick. The swamp worm bites you!
* * * LOW HITPOINT WARNING * * *
The ghost crab bites you but does no damage.
The ghost crab closely misses you. The swamp worm completely misses you.
Blink to where?
Press: ? - help, Dir - move target
As you read the scroll of blinking, it crumbles to dust.
You die...

♣♣♣♣♣♣♣♣ ♣♣♣♣ ♣♣..~..§♣♣ ~♣...♣
♣~~~~~~~.♣♣ ..§~~. ♣.~~~@~~..♣ ~
..~~~. ♣♣......~.♣♣ ~~
.~~~~.♣♣♣♣.......~~.♣♣♣ ♣.~~
........~.....~~.~~~.~♣♣ ...~§
♣♣♣♣♣.....~~.~~~~~~°.?>♣♣~~~~~~
♣♣~..♣♣♣..~~~~~.~~~~..#°..~.~~~.♣
.~~..~♣♣..~§~~~~~~~§~~~~.).~~~.♣♣
~~~~~.~...~~~~~~~~§~~~~§t~~~§~.♣
.~~~§..~~..~.~~~~§~~~~w~~~§~~~~♣


There were no monsters in sight!

Vanquished Creatures
  Nikola (Swamp:1)
  Mlioglotl (Swamp:2)
  2 fenstrider witches
  Louise (Swamp:2)
  An orc warlord (Bailey)
  A stone giant (Orc:2)
  2 eleionomae (Swamp:2)
  A dire elephant (D:15)
  A bunyip (Swamp:2)
  Josephine (Lair:4)
  2 shambling mangroves
  An ice dragon (Lair:5)
  A rakshasa (D:14)
  Fannar (Lair:3)
  11 hydras
  7 centaur warriors
  4 ogre magi
  2 boulder beetles
  18 two-headed ogres
  2 tengu warriors (D:13)
  5 death yaks
  Urug (Lair:4)
  Nergalle (Lair:1)
  An iron troll (Orc:2)
  10 skeletal warriors (D:14)
  Amaemon (D:8)
  A skyshark (Lair:5)
  A goliath frog (Swamp:1)
  3 swamp dragons
  A deep troll (Orc:2)
  2 bog bodies (Swamp:1)
  3 deep elf pyromancers
  2 orc knights (Bailey)
  4 cyclopes
  6 ugly things
  A will-o-the-wisp (Swamp:1)
  3 wolf spiders
  Maurice (D:7)
  5 manticores
  12 elephants
  11 black mambas
  2 kobold blastminers (Orc:2)
  3 torpor snails (Lair:3)
  A guardian serpent (Lair:5)
  15 cane toads
  A gargoyle (D:10)
  A kobold demonologist (D:13)
  An orange demon (D:8)
  7 yaktaurs
  A freezing wraith (D:14)
  A tengu conjurer (D:13)
  Psyche (D:10)
  3 rime drakes
  10 komodo dragons
  An efreet (D:14)
  8 trolls
  3 polar bears
  4 tyrant leeches
  10 hornets
  4 jumping spiders (Lair:3)
  10 dream sheep
  6 blink frogs (Lair:3)
  7 slime creatures
  3 spriggans
  4 vampires
  6 wraiths
  2 fire bats (Lair:4)
  A shadow (D:11)
  41 yaks
  16 wyverns
  5 steam dragons
  A warg (Orc:1)
  8 basilisks
  2 fire elementals (Lair:1)
  2 death yak simulacra (D:12)
  3 redbacks (Lair:5)
  10 vampire mosquitoes
  8 swamp worms
  27 water moccasins
  5 acid dragons
  17 orc warriors
  3 swamp drakes
  A sky beast (D:7)
  3 black bears
  2 ice beasts (D:6)
  2 laughing skulls (D:14)
  20 centaurs
  13 wolves
  24 ogres
  2 phantoms
  5 kobold brigands
  2 brain worms (Sewer)
  23 bullfrogs
  2 two-headed ogre simulacra (D:12)
  3 gnoll sergeants
  6 wights
  9 killer bees
  2 electric eels
  A lava snake (Lair:4)
  6 howler monkeys
  5 bombardier beetles
  2 hounds (D:5)
  2 jellies
  2 gnoll boudas
  10 orc priests
  A sleepcap (D:6)
  Terence (D:3)
  12 iguanas
  15 orc wizards
  A troll simulacrum (D:12)
  A spriggan simulacrum (D:12)
  Robin (D:3)
  26 gnolls
  3 river rats (Sewer)
  7 adders
  2 naga simulacra (D:12)
  A shadow imp (D:5)
  A white imp (D:8)
  2 ufetubi (D:5)
  2 dart slugs
  2 ribbon worms
  51 orcs
  8 ball pythons
  3 bats
  8 endoplasms
  2 giant cockroaches
  30 goblins
  21 hobgoblins
  2 jackals (D:2)
  5 quokkas
  13 frilled lizards
  A goblin zombie (D:4)
  A jackal zombie (D:4)
  16 kobolds
  13 rats
799 creatures vanquished.

Vanquished Creatures (collateral kills)
  A hydra (D:15)
  2 vampire mosquitoes (D:13)
3 creatures vanquished.

Vanquished Creatures (others)
  A deep elf knight (D:13)
  3 bloated husks
  Sigmund (D:6)
  A basilisk (D:13)
  2 foxfires (Swamp:1)
8 creatures vanquished.

Grand Total: 810 creatures vanquished

Notes
Turn   | Place    | Note
-------+----------+-------------------------------------------
     0 | D:1      | Bediveer the Coglin Berserker began the quest for the Orb.
     0 | D:1      | Reached XP level 1. HP: 18/18 MP: 1/1
   132 | D:1      | Reached XP level 2. HP: 24/24 MP: 2/2
   854 | D:1      | Reached XP level 3. HP: 29/29 MP: 3/3
  1006 | D:2      | Reached ** piety under Trog
  1076 | D:2      | Reached skill level 4 in Axes
  1076 | D:2      | Reached XP level 4. HP: 35/35 MP: 4/4
  1256 | D:2      | Found a faded altar of an unknown god.
  1338 | D:2      | Reached XP level 5. HP: 36/42 MP: 5/5
  1600 | D:3      | Noticed Terence
  1605 | D:3      | Killed Terence
  1752 | D:3      | Noticed Robin
  1764 | D:3      | Killed Robin
  1765 | D:3      | Reached skill level 5 in Axes
  2526 | D:4      | Reached XP level 6. HP: 48/48 MP: 6/6
  2692 | D:4      | Found a sparkling altar of Nemelex Xobeh.
  2751 | D:4      | Reached *** piety under Trog
  3058 | D:4      | Found a runed translucent door.
  3058 | D:4      | Noticed a human
  3059 | D:4      | Found a basalt altar of Yredelemnul.
  3238 | D:5      | Entered Level 5 of the Dungeon
  3467 | D:5      | Reached XP level 7. HP: 53/55 MP: 7/7
  3522 | D:5      | Reached skill level 6 in Axes
  3619 | D:5      | Found a staircase to the Ecumenical Temple.
  3885 | D:5      | Found a burning altar of Makhleb.
  4416 | D:6      | Reached skill level 5 in Fighting
  4732 | D:6      | Reached XP level 8. HP: 56/62 MP: 8/8
  4738 | D:6      | Noticed Sigmund
  4749 | D:6      | Killed Sigmund
  4750 | D:6      | Reached skill level 7 in Axes
  4831 | D:6      | Found a glowing drain.
  4841 | Sewer    | Entered a sewer
  4898 | Sewer    | Reached **** piety under Trog
  5405 | D:6      | Found a shadowy altar of Dithmenos.
  5417 | D:6      | Reached skill level 8 in Axes
  5417 | D:6      | Reached skill level 5 in Armour
  5593 | D:6      | Found a bloodstained altar of Trog.
  5625 | D:6      | Found the amulet of Elemental Vulnerability {rPois rF--
                  | rC-- AC+8}
  5960 | D:7      | Reached XP level 9. HP: 28/69 MP: 9/9
  6322 | D:7      | Noticed a troll
  6335 | D:7      | Killed a troll
  6336 | D:7      | Reached skill level 9 in Axes
  6655 | D:7      | Noticed Maurice
  6661 | D:7      | Something stole 5 javelins
  6663 | D:7      | Something stole a +2 short sword of venom {Suchat}
  6665 | D:7      | Killed Maurice
  6666 | D:7      | Reached skill level 10 in Axes
  7259 | D:8      | Reached XP level 10. HP: 53/79 MP: 10/10
  7715 | D:8      | Found an ancient bone altar of Kikubaaqudgha.
  7725 | D:8      | Found a hide-covered altar of Uskayaw.
  7888 | D:8      | Found a blossoming altar of Fedhas.
  8004 | D:8      | Noticed Amaemon
  8004 | D:8      | Noticed an orange demon
  8012 | D:8      | Killed an orange demon
  8021 | D:8      | Killed Amaemon
  8212 | D:9      | Reached skill level 11 in Axes
  8288 | D:9      | Found a glowing golden altar of the Shining One.
  8333 | D:9      | Found a staircase to the Lair.
  8334 | D:9      | Noticed a two-headed ogre
  8339 | D:9      | Killed a two-headed ogre
  8429 | D:9      | Found a flagged portal.
  8441 | Bailey   | Entered a bailey
  8567 | Bailey   | Reached skill level 12 in Axes
  8567 | Bailey   | Reached XP level 11. HP: 58/87 MP: 11/11
  8687 | Bailey   | Reached ***** piety under Trog
  8702 | Bailey   | Noticed an orc knight
  8715 | Bailey   | Killed an orc knight
  8790 | Bailey   | Noticed an orc knight
  8790 | Bailey   | Noticed an orc warlord
  8805 | Bailey   | Killed an orc knight
  8811 | Bailey   | Killed an orc warlord
  9103 | Bailey   | Reached skill level 10 in Fighting
  9103 | Bailey   | Reached skill level 13 in Axes
  9103 | Bailey   | Reached XP level 12. HP: 97/97 MP: 12/12
  9104 | Bailey   | Reached skill level 14 in Axes
  9104 | Bailey   | Reached XP level 13. HP: 105/105 MP: 13/13
  9906 | D:10     | Entered Level 10 of the Dungeon
 10363 | D:10     | Reached skill level 10 in Armour
 10601 | D:10     | Noticed Psyche
 10610 | D:10     | Killed Psyche
 10928 | D:10     | Reached skill level 15 in Axes
 12979 | D:11     | Found a staircase to the Orcish Mines.
 13179 | D:12     | Received a gift from Trog
 13405 | D:12     | Found Tolitwiu's Antique Armour Shop.
 13503 | D:12     | Found a frozen archway.
 13935 | D:12     | Reached XP level 14. HP: 86/114 MP: 14/14
 13935 | D:12     | Acquired a NW-40 hydroturbine {rElec rC+ Clar RMsl}
 14451 | Lair:1   | Entered Level 1 of the Lair of Beasts
 14624 | Lair:1   | Identified a scroll of acquirement
 14625 | Lair:1   | Acquired 733 gold pieces
 14668 | Lair:1   | Noticed Nergalle
 14684 | Lair:1   | Killed Nergalle
 15860 | Lair:1   | Found an ornate altar of the Wu Jian Council.
 15863 | Lair:1   | Found a hide-covered altar of Uskayaw.
 16141 | Lair:2   | Found a blossoming altar of Fedhas.
 16457 | Lair:2   | Reached skill level 5 in Evocations
 17103 | Lair:3   | Reached skill level 5 in Dodging
 17814 | Lair:2   | Reached skill level 16 in Axes
 17982 | Lair:3   | Noticed Fannar
 17988 | Lair:3   | Killed Fannar
 18206 | Lair:3   | Found a staircase to the Swamp.
 18581 | Lair:3   | Found a hole to the Spider Nest.
 19045 | Lair:3   | Reached skill level 5 in Throwing
 19047 | Lair:3   | Identified the +8 glaive of the Special Moons {freeze,
                  | Str+4 Dex+3}
 19334 | Lair:3   | Reached ****** piety under Trog
 19623 | Lair:4   | Received a gift from Trog
 19768 | Lair:4   | Reached XP level 15. HP: 65/122 MP: 15/15
 19967 | Lair:4   | Noticed Josephine
 19975 | Lair:4   | Killed Josephine
 20063 | Lair:4   | Noticed Urug
 20076 | Lair:4   | Killed Urug
 20800 | Lair:5   | Entered Level 5 of the Lair of Beasts
 22370 | D:12     | Bought a crystal plate armour for 2080 gold pieces
 22943 | Lair:5   | Found a staircase to the Slime Pits.
 22991 | Lair:5   | Received a gift from Trog
 23965 | Lair:5   | Reached skill level 17 in Axes
 24318 | Orc:1    | Entered Level 1 of the Orcish Mines
 24318 | Orc:1    | Found a roughly hewn altar of Beogh.
 24988 | Orc:2    | Entered Level 2 of the Orcish Mines
 25044 | Orc:2    | Reached XP level 16. HP: 133/133 MP: 16/16
 25048 | Orc:2    | Received a gift from Trog
 25298 | Orc:2    | Found Doristrimp's Armour Shoppe.
 25298 | Orc:2    | Found Orug's Distillery.
 25304 | Orc:2    | Found Ickus's Antique Armour Shop.
 25307 | Orc:2    | Bought a potion of heal wounds for 80 gold pieces
 25307 | Orc:2    | Bought a potion of heal wounds for 80 gold pieces
 25315 | Orc:2    | Found Inluveme's Antique Armour Shoppe.
 25318 | Orc:2    | Bought a pair of glowing gloves for 187 gold pieces
 25461 | D:12     | Bought a runed cloak for 195 gold pieces
 25662 | Orc:2    | Found a staircase to the Elven Halls.
 25696 | Orc:1    | Found Daf Ehed's Gadget Gallery.
 26140 | D:13     | Found a portal to a secret trove of treasure.
 26377 | D:13     | Paralysed by an ogre mage for 3 turns
 27098 | D:12     | Reached skill level 18 in Axes
 27386 | D:13     | Found a gate to the Vaults.
 27690 | Orc:2    | Bought an ichor-stained helmet for 332 gold pieces
 27690 | Orc:2    | Identified the +0 helmet of Syndicalism {Rampage Fly Dex+3
                  | Stlth+} (You bought it in a shop on level 2 of the Orcish
                  | Mines)
 28026 | D:14     | Reached skill level 15 in Fighting
 28033 | D:14     | Received a gift from Trog
 28423 | D:14     | You are sucked into a shaft and drop 1 floor!
 28423 | D:15     | Entered Level 15 of the Dungeon
 29318 | D:15     | Found a staircase to the Depths.
 29337 | D:15     | Reached XP level 17. HP: 55/143 MP: 17/17
 30149 | Swamp:1  | Entered Level 1 of the Swamp
 30491 | Swamp:1  | Noticed Louise
 31025 | Swamp:1  | Noticed Nikola
 31039 | Swamp:1  | Killed Nikola
 31215 | Swamp:1  | Paralysed by a fenstrider witch for 3 turns
 31805 | Swamp:2  | Killed Louise
 32357 | Swamp:2  | Noticed Mlioglotl
 32655 | Swamp:2  | You are sucked into a shaft and drop 1 floor!
 32679 | Swamp:3  | Reached skill level 15 in Armour
 32841 | Swamp:2  | Killed Mlioglotl
 32848 | Swamp:2  | HP: 5/145 [ghost crab (11)]
 32849 | Swamp:2  | HP: 1/142 [poison (poison gas)]
 32851 | Swamp:2  | Succumbed to poison (poison gas)

Illustrated notes

Levels and vault maps discovered:
D:1:      tarquinn_simple_flora_water_f, layout_basic, serial_bayou,
          serial_bayou_shore_a, serial_bayou_shore_b, serial_bayou_lagoon_a,
          serial_bayou_crossing, serial_bayou_lake_a
D:2:      layout_loops_ring, ebering_ecumenical_altar_sacrificial
D:3:      layout_basic, uniq_robin, uniq_terence
D:4:      layout_basic, nemelex_altar_shiori, dk_yredelemnul_ordeal,
          nicolae_letterblocks [nicolae_letter_subblock,
          nicolae_letter_subblock, nicolae_letter_subblock,
          nicolae_letter_subblock, nicolae_letter_subblock,
          nicolae_letter_subblock, nicolae_letter_subblock,
          nicolae_letter_subblock, nicolae_letter_subblock,
          nicolae_letter_subblock, nicolae_letter_subblock,
          nicolae_letter_subblock, nicolae_letter_subblock,
          nicolae_letter_subblock, nicolae_letter_subblock,
          nicolae_letter_subblock, nicolae_letter_subblock,
          nicolae_letter_subblock, nicolae_letter_subblock,
          nicolae_letter_subblock, nicolae_letter_subblock,
          nicolae_letter_subblock, nicolae_letter_subblock,
          nicolae_letter_subblock, nicolae_letter_subblock]
D:5:      layout_basic, marbit_many_paths, temple_green
D:6:      layout_gridville, grunt_dithmenos_shadows,
          mainiacjoe_overflow_brackets, portal_sewer_entry_c,
          hangedman_abyss_or_decor_stabs, uniq_sigmund
D:7:      minmay_angry_zag, layout_loops_ring, hangedman_decor_clover_reticule,
          minivault_10, kennysheep_generic_room_7, uniq_maurice
D:8:      layout_basic, amethyst_overflow_temple_binary, fedhas_altar_2,
          uniq_amaemon
D:9:      layout_loops_corners, old_standard_altar, lair_entry_dummy,
          enter_bailey_3
D:10:     hangedman_cross_cluster, layout_rooms, uniq_psyche
D:11:     nicolae_hitomezashi [nicolae_hito_row, nicolae_hito_row,
          nicolae_hito_row, nicolae_hito_row, nicolae_hito_row,
          nicolae_hito_row, nicolae_hito_row, nicolae_hito_row,
          nicolae_hito_row, nicolae_hito_row, nicolae_hito_row,
          nicolae_hito_row, nicolae_hito_row, nicolae_hito_row,
          nicolae_hito_row, nicolae_hito_row, nicolae_hito_row,
          nicolae_hito_row], layout_basic, minmay_unpleasant_kobolds
D:12:     layout_roguey, portal_ice_cave_entry_ice_simulacra, serial_shops,
          shop, nrook_mini_backslash
D:13:     layout_rooms, hangedman_vaults_entry_quadrant_bands, enter_trove_0
D:14:     layout_rooms, skrybe_limestone_x
D:15:     hangedman_depths_entry_try_elsewhere_first, layout_loops_ring,
          nicolae_zig_zag_zippers
Lair:1:   dpeg_oklob_gauntlet, layout_gridlike, nzn_masters_of_martial_movement,
          uniq_nergalle
Lair:2:   layout_chaotic_city, basic_altar, serial_bayou_shore_b,
          infiniplex_staircase_pool
Lair:3:   nzn_winding_woodlands_stair_trap [nzn_winding_woodlands_5x15_zeroes,
          nzn_winding_woodlands_5x15_concentric,
          nzn_winding_woodlands_5x15_twine,
          nzn_winding_woodlands_15x15_five_gardens,
          nzn_winding_woodlands_5x15_cabin, nzn_winding_woodlands_5x15_jagged,
          nzn_winding_woodlands_5x15_default], layout_regular_city,
          minmay_swamp_entry_worms, spider_nest_entry_a, beast_lair_carwin_4,
          uniq_fannar
Lair:4:   layout_gridlike, columned_hall_lemuel, minivault_25, minmay_holes,
          uniq_josephine, uniq_urug
Lair:5:   guppyfry_lair_end_dragon, layout_cave_pods,
          hangedman_lair_tendril_chambers, slime_entry_1,
          eino_small_chamber_without_monster, patterned_corridor
Swamp:1:  layout_falls_marsh, evilmike_swamp_ruin_rubble_2, uniq_louise,
          uniq_nikola
Swamp:2:  layout_basic_swamp, evilmike_swamp_ruin_house_3, uniq_mlioglotl
Swamp:3:  layout_basic_swamp, nicolae_swamp_rocky_clearing
Orc:1:    layout_diamond_mine, basic_altar, nicolae_shop_gadgets
Orc:2:    st_orc_open, layout_caves

Skill      XL: |  1  2  3  4  5  6  7  8  9 10 11 12 13 14 15 16 17 |
---------------+----------------------------------------------------+-----
Armour         | 2 3 4 5 6 7 9 10 11 12 14 15 | 15.1
Axes           | 4 5 6 8 10 12 13 14 15 16 17 18 | 18.0
Fighting       | 4 5 6 7 8 10 11 12 14 15 16 | 16.5
Dodging        | 4 6 8 |  8.0
Throwing       | 2 5 |  5.0
Evocations     | 3 5 |  5.0

Action                     |  1- 3 |  4- 6 |  7- 9 | 10-12 | 13-15 | 16-18 || total
---------------------------+-------+-------+-------+-------+-------+-------++-------
  Melee: Hand axe          |    55 |   122 |   205 |   113 |       |       ||   495
         Dagger            |    16 |       |       |       |       |       ||    16
         Short sword       |    32 |    81 |       |       |       |       ||   113
         Spear             |       |       |   162 |    33 |    67 |    17 ||   279
         Demon whip        |       |       |       |   112 |   931 |    16 ||  1059
         Broad axe         |       |       |       |    33 |   977 |   766 ||  1776
  Throw: Javelin           |       |       |       |       |     1 |     3 ||     4
         Dart              |       |       |       |       |     4 |     3 ||     7
 Invoke: Berserk           |       |       |     1 |     2 |    10 |     9 ||    22
Ability: Invent Gizmo      |       |       |       |       |     1 |       ||     1
  Evoke: Wand              |       |       |       |       |    10 |     2 ||    12
         Box of beasts     |       |       |       |       |       |     1 ||     1
    Use: Scroll            |     1 |     5 |     8 |       |    16 |     8 ||    38
         Potion            |       |       |     3 |     2 |       |     9 ||    14
   Stab: Distracted        |       |       |       |       |       |     1 ||     1
 Armour: Chain mail        |    25 |    67 |   137 |       |       |       ||   229
         Animal skin       |     2 |       |       |       |       |       ||     2
         Plate armour      |       |       |    39 |   108 |   973 |       ||  1120
         Crystal plate arm |       |       |       |       |   226 |   551 ||   777
  Dodge: Dodged            |    26 |    48 |    60 |    44 |   408 |   174 ||   760
         Repelled          |       |       |       |       |    16 |    39 ||    55

Table legend: (Time is in decaauts)
 A = Elapsed time spent in this place.
 B = Non-inter-level travel time spent in this place.
 C = Inter-level travel time spent in this place.
 D = Time resting spent in this place.
 E = Time spent auto-exploring this place.
 F = Levels seen in this place.
 G = Mean time per level.
                   A        B        C        D        E       F      G
               +--------+--------+--------+--------+--------+-----+--------+
         Total |  32853 |  30443 |   2410 |   7062 |  18789 |  27 | 1216.8 |
       Dungeon |  17960 |  16434 |   1526 |   3368 |  10606 |  15 | 1197.3 |
          Lair |   9943 |   9270 |    673 |   2034 |   5915 |   5 | 1988.6 |
         Swamp |   2277 |   2244 |     33 |   1159 |    790 |   3 |  759.0 |
  Orcish Mines |   1484 |   1308 |    176 |    205 |    888 |   2 |  742.0 |
         Sewer |    459 |    459 |      0 |      0 |    337 |   1 |  459.0 |
        Bailey |    728 |    728 |      0 |    295 |    251 |   1 |  728.0 |
               +--------+--------+--------+--------+--------+-----+--------+

Top non-repeatable levels by time:
  Lair:3: 2623 daAuts
    D:12: 2405 daAuts
     D:9: 2301 daAuts
  Lair:5: 2185 daAuts
  Lair:4: 2095 daAuts
 Swamp:1: 1788 daAuts
  Lair:1: 1607 daAuts
    D:10: 1493 daAuts
  Lair:2: 1431 daAuts
     D:6: 1290 daAuts
     D:5: 1173 daAuts
    D:11: 1122 daAuts
    D:15: 1052 daAuts
     D:8: 1051 daAuts
     D:7: 1044 daAuts
